 Dungeon Crawl Stone Soup version 0.17-a0-543-g13d7571 (webtiles) character file.

14025 Pikaro the Nimble (level 11, -3/81 HPs)
             Began as a High Elf Fire Elementalist on Apr 13, 2015.
             Was a High Priest of Vehumet.
             Slain by a river rat (9 damage)
             ... on level 2 of the Lair of Beasts.
             The game lasted 00:59:37 (20438 turns).

Pikaro the Nimble (High Elf Fire Elementalist)     Turns: 20438, Time: 00:59:37

Health: -3/81      AC:  5    Str:  9    XL:     11   Next: 83%
Magic:  15/15      EV: 20    Int: 33    God:    Vehumet [*****.]
Gold:   696        SH:  0    Dex: 16    Spells: 5 memorised, 1 level left

rFire  + . .     SeeInvis +     a - +2 dagger (elec)
rCold  + . .     Clarity  +     T - +0 robe of the Moon {Str+2 Int+6 Stlth+}
rNeg   . . .     SustAb   .     (no shield)
rPois  +         Gourm    .     (no helmet)
rElec  .         Spirit   .     P - +0 cloak of the Snake Pit {rF+ Int+4 Stlth-} (curse)
rCorr  .         Warding  .     (no gloves)
rMut   .         Stasis   .     r - +1 pair of boots
MR     +....                    (no amulet)
Stlth  ++........               V - ring of protection from cold {rC+}
                                n - ring of poison resistance {rPois}

@: exhausted, slowed, very slow, somewhat resistant to hostile enchantments,
unstealthy
A: see invisible, clarity
a: Renounce Religion


You were on level 2 of the Lair of Beasts.
You worshipped Vehumet.
Vehumet was extremely pleased with you.
You were not hungry.

You visited 3 branches of the dungeon, and saw 14 of its levels.
You also visited: Ice Cave.

You collected 872 gold pieces.
You spent 176 gold pieces at shops.

Inventory:

Hand weapons
 a - a +2 dagger of electrocution (weapon)
   (You took it off a kobold on level 7 of the Dungeon)
 b - a +0 blowgun
   (You took it off a kobold on level 7 of the Dungeon)
Missiles
 K - 33 poisoned needles
Armour
 r - a +1 pair of boots (worn)
   (You found it on level 2 of the Dungeon)
 P - the cursed +0 cloak of the Snake Pit (worn) {rF+ Int+4 Stlth-}
   (You found it on level 7 of the Dungeon)

   It affects your intelligence (+4).
   It protects you from fire.
   It makes you less stealthy.
   It has a curse placed upon it.
 T - the +0 robe of the Moon (worn) {Str+2 Int+6 Stlth+}
   (You found it on level 9 of the Dungeon)

   It affects your strength (+2).
   It affects your intelligence (+6).
   It makes you more stealthy.
 U - a +0 robe of cold resistance
   (You found it on level 9 of the Dungeon)
Jewellery
 n - a ring of poison resistance (left hand) {rPois}
   (You found it on level 2 of the Dungeon)
 V - a ring of protection from cold (right hand) {rC+}
   (You found it on level 9 of the Dungeon)
Magical devices
 l - a wand of heal wounds (0)
   (You found it on level 5 of the Dungeon)
 s - a wand of fire (2)
   (You took it off an orc priest on level 7 of the Dungeon)
 A - a wand of slowing (34)
   (You found it on level 4 of the Dungeon)
 H - a wand of fireball (0)
   (You found it on level 5 of the Dungeon)
 O - a wand of confusion (22)
   (You found it on level 7 of the Dungeon)
 Q - a wand of draining (6)
   (You found it on level 7 of the Dungeon)
 R - a wand of enslavement (2)
   (You bought it in a shop on level 7 of the Dungeon)
 S - a wand of random effects (28)
   (You took it off Edmund on level 5 of the Dungeon)
 X - a wand of slowing (30)
   (You found it on level 9 of the Dungeon)
 Z - a wand of fireball (0)
   (You found it on level 9 of the Dungeon)
Scrolls
 f - 11 scrolls of remove curse
 m - 2 scrolls of immolation {!r}
 q - 5 scrolls of enchant armour
 t - 2 scrolls of enchant weapon
Potions
 e - a potion of might
 h - a potion of resistance
 w - 3 potions of berserk rage {!q}
 F - a potion of lignification {!q}
Books
 k - a book of Clouds
   (You found it on level 2 of the Dungeon)
 D - a book of Transfigurations
   (You found it on level 8 of the Dungeon)
 L - a book of Flames
 N - an Akashic Record {highlevel, unknown}
   (You found it on level 9 of the Dungeon)
Comestibles
 c - 3 bread rations
 d - 2 royal jellies
 g - 3 meat rations
 u - 2 slices of pizza
 M - 11 fruits


   Skills:
 - Level 10.0 Fighting
 - Level 11.1 Dodging
 - Level 2.1 Stealth
 + Level 2.5 Spellcasting
 - Level 10.0 Conjurations
 - Level 10.0 Fire Magic


You had one spell level left.
You knew the following spells:

 Your Spells              Type           Power        Failure   Level  Hunger
a - Flame Tongue          Conj/Fire      #####        1%          1    None
c - Conjure Flame         Conj/Fire      ######..     1%          3    ###....
A - Throw Flame           Conj/Fire      ######       1%          2    #......
B - Sticky Flame          Conj/Fire      ######..     1%          4    ####...
C - Iskenderun's Mystic   Conj           ######..     1%          4    ####...


Dungeon Overview and Level Annotations

Branches:
Dungeon (10/15)            Temple (1/1) D:6            Lair (3/8) D:8
  Swamp: Lair:3-6    Shoals: Lair:3-6     Snake: Lair:3-6    Spider: Lair:3-6
    Orc: D:9-12

Altars:
Ashenzari
Cheibriados
Dithmenos
Elyvilon
Fedhas
Gozag
Kikubaaqudgha
Makhleb
Nemelex Xobeh
Okawaru
Qazlal
Ru
Sif Muna
Trog
Vehumet
Xom
Yredelemnul
Zin
The Shining One

Shops:
D:7 *[

Annotations:
D:8 exclusion: 2 oklob saplings


Innate Abilities, Weirdness & Mutations

You have supernaturally acute eyesight.
You possess an exceptional clarity of mind.


Message History

The polar bear closely misses you. The polar bear misses you.
The polar bear claws you.
You take 3 damage, and have 50/81 hp.
The yak misses you. The wolf barely misses you.
The polar bear closely misses you. The polar bear misses you.
The polar bear completely misses you. The yak misses you.
The wolf closely misses you.
Okay, then.
Read which item? (? for menu, Esc to quit)
Okay, then.
The yak bellows!
The yak completely misses you. x2
The polar bear bites you! The polar bear misses you.
The polar bear claws you but does no damage.
The wolf bites you.
You take 18 damage, and have 32/81 hp.
MASSIVE DAMAGE!!
HP at 39%!
The yak completely misses you. The polar bear completely misses you.
The polar bear closely misses you. The polar bear completely misses you.
The yak gores you!
* * * LOW HITPOINT WARNING * * *
You take 11 damage, and have 21/81 hp.
Unknown command.
The yak completely misses you. The wolf barely misses you.
The wolf barely misses you.
You feel much better.
This wand has 0 charges left.
The wolf barks!
The yak gores you! The wolf closely misses you.
You regained 22 hp, and now have 43/81 hp.
The wolf misses you. x2
The wolf bites you! The yak gores you.
You take 15 damage, and have 28/81 hp.
HP at 34%!
The wolf barely misses you. The wolf closely misses you.
The wolf completely misses you. The wolf closely misses you.
Drink which item? (? for menu, Esc to quit)
Okay, then.
Here: a wolf The floor.
Okay, then.
The wolf misses you.
The yak snorts and paws the ground.
The wolf closely misses you. The wolf completely misses you.
The wolf barks!
The wolf bites you!
* * * LOW HITPOINT WARNING * * *
The wolf misses you.
You take 10 damage, and have 18/81 hp.
HP at 22%!
Read which item? (? for menu, Esc to quit)
Okay, then.
The wolf completely misses you. The wolf closely misses you.
The wolf barely misses you.
The polar bear growls angrily.
The wolf closely misses you. x2
The wolf closely misses you. The wolf bites you.
* * * LOW HITPOINT WARNING * * *
Drink which item? (? for menu, Esc to quit)
Really quaff
w - 4 potions of berserk rage {!q}?
A red film seems to cover your vision as you go berserk!
You feel yourself moving faster!
You feel mighty! The wolf closely misses you. The wolf bites you.
* * * LOW HITPOINT WARNING * * *
The wolf bites you.
* * * LOW HITPOINT WARNING * * *
The polar bear closely misses you.
The polar bear claws you but does no damage.
The polar bear misses you. The wolf closely misses you.
You now have 19/121 hp.
You feel a strong urge to attack something.
The wolf barely misses you. The polar bear misses you.
The polar bear completely misses you. The polar bear claws you.
* * * LOW HITPOINT WARNING * * *
The wolf misses you. The wolf completely misses you.
You take 1 damage, and have 18/121 hp.
The polar bear barely misses you. x2
The polar bear claws you.
* * * LOW HITPOINT WARNING * * *
You take 1 damage, and have 17/121 hp.
You feel your anger subside.
There is an ice covered gate leading back out of this place here.
You are no longer berserk.
You are exhausted.
You feel yourself slow down. The wolf misses you. The wolf closely misses you.
The wolf barely misses you. The wolf barely misses you.
Welcome back to the Lair of Beasts!
The river rat misses you. The river rat closely misses you.
The river rat barely misses you. The river rat misses you.
The iguana hisses menacingly.
The river rat twitches its whiskers.
The river rat bites you but does no damage.
The river rat closely misses you.
There is a collapsed entrance here.
You now have 12/81 hp.
The wolf barely misses you. The wolf bites you.
* * * LOW HITPOINT WARNING * * *
The wolf misses you. The river rat misses you. The wolf closely misses you.
The wolf closely misses you. The river rat bites you!
You die...

##.# ##...... #..# ## P..
.... #..# .##..P .... #
###..####.... #...
.###.#P.#.#.##..# ##...
...(.#.....##.5.####....
........5......#.##.#...
.......hhhrl..........P.#
........@rr..............
.........r5.............#
................##.P#...
.........##....#..###...
.###.............####...
#.##P###.##...###.... #.
### ######..#PP... #.
#........ ###.Y..$.


You could see 3 wolves, an iguana, 4 river rats and 3 white imps.

Vanquished Creatures
  A death yak (D:8)
  2 hill giants
  2 spiny frogs (Lair:1)
  2 gargoyles (D:10)
  3 blink frogs (Lair:2)
  A basilisk (Lair:1)
  17 yaks
  4 wandering mushrooms (D:8)
  Edmund (D:5)
  2 hippogriffs (D:8)
  A porcupine (Lair:1)
  A phantom (D:7)
  4 necrophages
  3 black bears
  3 ice beasts
  4 sky beasts
  5 water moccasins
  4 centaurs
  5 orc warriors
  3 big kobolds
  9 ogres
  4 crocodiles
  A wyvern zombie (D:7)
  6 giant frogs
  3 scorpions
  6 jellies
  5 wights
  2 giant frog zombies
  3 centaur zombies
  4 crimson imps
  A giant frog skeleton (D:8)
  3 goliath beetles
  A centaur skeleton (D:8)
  6 iguanas
  9 hounds
  9 worker ants
  8 orc priests
  Natasha (thrice) (D:4)
  7 orc wizards
  A hell rat (D:8)
  2 sheep
  A hound skeleton (D:8)
  3 hound zombies
  12 adders
  10 river rats (Lair:1)
  3 shadow imps
  9 white imps (Lair:2)
  2 worms
  An adder skeleton (D:7)
  3 giant geckos
  An ooze (D:4)
  38 orcs
  7 giant cockroaches
  15 goblins
  18 hobgoblins
  26 kobolds
  2 quokkas (D:2)
  14 bats
  A giant gecko zombie (D:5)
  4 giant newts
  A giant spore (D:10)
  13 jackals
  A quokka skeleton (D:6)
  10 rats
  20 ballistomycetes
376 creatures vanquished.

Vanquished Creatures (collateral kills)
  A porcupine (Lair:3)
1 creature vanquished.

Vanquished Creatures (others)
  An orc priest (D:5)
  A worker ant (D:5)
  2 kobolds
  2 giant spores (D:8)
  A jackal (D:5)
  A fungus (Lair:2)
8 creatures vanquished.

Grand Total: 385 creatures vanquished

Notes
Turn   | Place    | Note
--------------------------------------------------------------
     0 | D:1      | Pikaro, the High Elf Fire Elementalist, began the quest for the Orb.
     0 | D:1      | Reached XP level 1. HP: 11/11 MP: 4/4
   145 | D:1      | Reached XP level 2. HP: 9/17 MP: 0/6
   524 | D:1      | Reached skill level 2 in Conjurations
   710 | D:1      | You fall through a shaft!
   870 | D:2      | Reached XP level 3. HP: 21/21 MP: 4/7
  1558 | D:2      | Reached skill level 3 in Conjurations
  2042 | D:3      | Reached skill level 4 in Fire Magic
  2042 | D:3      | Reached XP level 4. HP: 21/27 MP: 2/8
  2058 | D:3      | HP: 1/27 [something/puff of flame (6)]
  2505 | D:3      | Noticed an ice beast
  2511 | D:3      | Killed an ice beast
  2511 | D:3      | Reached skill level 4 in Conjurations
  2511 | D:3      | Reached skill level 5 in Fire Magic
  2511 | D:3      | Reached XP level 5. HP: 31/31 MP: 4/9
  2704 | D:3      | Found a sacrificial altar of Ru.
  3042 | D:4      | Reached XP level 6. HP: 36/36 MP: 0/10
  3304 | D:4      | Found a sparkling altar of Nemelex Xobeh.
  3373 | D:4      | Noticed Natasha
  3386 | D:4      | HP: 8/36 [goblin (3)]
  3424 | D:4      | Killed Natasha
  3629 | D:4      | Reached skill level 5 in Conjurations
  4051 | D:4      | Noticed Natasha
  4054 | D:4      | Killed Natasha
  4072 | D:4      | Noticed Natasha
  4075 | D:4      | Killed Natasha
  4289 | D:5      | Entered Level 5 of the Dungeon
  4395 | D:5      | Reached skill level 6 in Fire Magic
  4749 | D:5      | Reached XP level 7. HP: 34/41 MP: 9/11
  5113 | D:5      | Found a bloodstained altar of Trog.
  5165 | D:6      | Found a deep blue altar of Sif Muna.
  5183 | D:6      | Reached skill level 6 in Conjurations
  5292 | D:6      | Found an iron altar of Okawaru.
  5294 | D:6      | Found a shadowy altar of Dithmenos.
  6296 | D:7      | Found Kezxoico's Armour Shop.
  6412 | D:7      | Reached skill level 7 in Fire Magic
  6426 | D:7      | Found a glowing silver altar of Zin.
  6434 | D:7      | Reached skill level 7 in Conjurations
  6471 | D:7      | Reached XP level 8. HP: 32/46 MP: 2/12
  6704 | D:7      | HP: 9/46 [giant frog (9)]
  6710 | D:7      | HP: 10/46 [big kobold (4)]
  6711 | D:7      | Reached skill level 8 in Conjurations
  6711 | D:7      | Reached skill level 8 in Fire Magic
  6966 | D:7      | Found a bloodstained altar of Trog.
  6980 | D:7      | HP: 5/46 [wyvern zombie (16)]
  7172 | D:7      | Found a snail-covered altar of Cheibriados.
  7174 | D:7      | Got a fine cloak
  7180 | D:7      | Identified the cursed +0 cloak of the Snake Pit {rF+ Int+4 Stlth-} (You found it on level 7 of the Dungeon)
  7325 | D:7      | Found Uvixkisch's Assorted Antiques.
  7333 | D:7      | Bought a fluorescent wand for 144 gold pieces
  7333 | D:7      | Bought a fizzy purple potion for 32 gold pieces
  7393 | D:7      | Found a deep blue altar of Sif Muna.
  7739 | D:6      | Found a staircase to the Ecumenical Temple.
  7877 | Temple   | Entered the Ecumenical Temple
  7970 | Temple   | Became a worshipper of Vehumet
  8118 | D:5      | Reached skill level 9 in Conjurations
  8147 | D:5      | Found a shimmering altar of Xom.
  8297 | D:5      | Reached skill level 9 in Fire Magic
  8297 | D:5      | Reached XP level 9. HP: 28/51 MP: 7/13
  8301 | D:5      | Gained mutation: You have supernaturally acute eyesight. [mutagenic meat]
  8302 | D:5      | Gained mutation: You possess an exceptional clarity of mind. [mutagenic meat]
  8937 | D:5      | Noticed Edmund
  8991 | D:5      | Killed Edmund
  9470 | D:5      | Found a glowing golden altar of the Shining One.
  9656 | D:7      | HP: 4/51 [orc warrior/glaive (9)]
  9921 | D:7      | Acquired Vehumet's first power
  9921 | D:7      | Offered knowledge of Magic Dart by Vehumet.
  9951 | D:7      | Reached skill level 10 in Conjurations
 10058 | D:7      | Found a basalt altar of Yredelemnul.
 10061 | D:7      | Found an opulent altar of Gozag.
 10383 | D:7      | Reached skill level 10 in Fire Magic
 10410 | D:7      | Learned a level 2 spell: Throw Flame
 10414 | D:7      | Learned a level 3 spell: Conjure Flame
 10419 | D:7      | Learned a level 4 spell: Sticky Flame
 10478 | D:8      | Found a staircase to the Lair.
 10579 | D:8      | Reached skill level 1 in Fighting
 10647 | D:8      | Noticed a death yak
 10890 | D:7      | HP: 12/54 [centaur/arrow (8)]
 10892 | D:7      | Reached skill level 2 in Fighting
 10892 | D:7      | Reached skill level 3 in Dodging
 11266 | D:8      | Reached skill level 3 in Fighting
 11266 | D:8      | Reached skill level 4 in Dodging
 11869 | D:8      | Reached XP level 10. HP: 63/63 MP: 10/14
 11929 | D:8      | Reached skill level 4 in Fighting
 11929 | D:8      | Reached skill level 5 in Dodging
 11931 | D:8      | Killed a death yak
 11941 | D:8      | HP: 16/65 [yak (12)]
 11960 | D:8      | Reached skill level 5 in Fighting
 11960 | D:8      | Reached skill level 6 in Dodging
 12521 | D:8      | Offered knowledge of Throw Frost by Vehumet.
 13220 | D:8      | Reached skill level 7 in Dodging
 13354 | D:8      | Reached skill level 6 in Fighting
 13485 | D:8      | Found a blossoming altar of Fedhas.
 14561 | D:8      | Found a bloodstained altar of Trog.
 14724 | D:8      | Offered knowledge of Dazzling Spray by Vehumet.
 14724 | D:8      | Reached skill level 8 in Dodging
 15039 | D:8      | Reached skill level 7 in Fighting
 15337 | D:9      | Found an ancient bone altar of Kikubaaqudgha.
 15723 | D:9      | Acquired Vehumet's second power
 15866 | D:9      | Noticed a hill giant
 15878 | D:9      | Killed a hill giant
 15878 | D:9      | Reached XP level 11. HP: 33/75 MP: 4/15
 16202 | D:9      | Got a tattered robe
 16213 | D:9      | Identified the +0 robe of the Moon {Str+2 Int+6 Stlth+} (You found it on level 9 of the Dungeon)
 16257 | D:9      | Reached skill level 9 in Dodging
 16291 | D:9      | Offered knowledge of Iskenderun's Mystic Blast by Vehumet.
 16317 | D:9      | Learned a level 4 spell: Iskenderun's Mystic Blast
 16442 | D:9      | Reached skill level 8 in Fighting
 16750 | D:10     | Entered Level 10 of the Dungeon
 17382 | D:10     | Noticed a hill giant
 17391 | D:10     | Killed a hill giant
 17732 | D:10     | Acquired Vehumet's third power
 18031 | D:10     | Reached skill level 10 in Dodging
 18039 | D:10     | Offered knowledge of Static Discharge by Vehumet.
 18039 | D:10     | Reached skill level 9 in Fighting
 18354 | Lair:1   | Entered Level 1 of the Lair of Beasts
 20192 | Lair:3   | Reached skill level 11 in Dodging
 20302 | Lair:2   | Reached skill level 10 in Fighting
 20323 | Lair:2   | Offered knowledge of Bolt of Cold by Vehumet.
 20395 | Lair:2   | Found a frozen archway.
 20405 | IceCv    | Entered an ice cave
 20427 | IceCv    | HP: 18/81 [wolf (11)]
 20432 | IceCv    | HP: 21/121 [wolf (6)]
 20438 | Lair:2   | HP: 6/81 [wolf (6)]
 20438 | Lair:2   | Slain by a river rat

Action                   |  1- 3 |  4- 6 |  7- 9 | 10-12 || total
-------------------------+-------+-------+-------+-------++-------
Melee: Unarmed           |     8 |    12 |    14 |       ||    34
       Dagger            |       |       |    21 |   129 ||   150
 Fire: Blowgun           |       |       |    33 |     8 ||    41
 Cast: Flame Tongue      |    60 |   123 |   337 |   412 ||   932
       Throw Flame       |       |       |     8 |    10 ||    18
       Conjure Flame     |       |       |     1 |    11 ||    12
       Sticky Flame      |       |       |       |    33 ||    33
       Iskenderun's Myst |       |       |       |     3 ||     3
Evoke: Wand              |       |     6 |     1 |    16 ||    23
  Use: Scroll            |     4 |     6 |     2 |     4 ||    16
       Potion            |       |     4 |     5 |     2 ||    11
  Eat: Chunk             |     3 |     9 |    18 |    25 ||    55
       Bread ration      |       |       |     1 |     2 ||     3
       Beef jerky        |       |       |       |     1 ||     1
       Fruit             |       |       |       |     1 ||     1

Vault maps used:
D:1:      dpeg_arrival_erosion
D:3:      nicolae_ru_the_path_less_chosen, first_bread
D:4:      erik_ogre, nemelex_xobeh_ov_fountains_minmay, uniq_natasha
D:5:      kennysheep_mini_moat, xom_confusion_cloud, basic_altar,
          kennysheep_cross_bottleneck, uniq_edmund
D:6:      serial_park_square1, nicolae_overflow_hidden_temple,
          minmay_temple_entry_statues_fountains, basic_altar
D:7:      minitemple, kennysheep_little_box, old_standard_altar,
          old_standard_altar, serial_shops, nicolae_shop_waterfront, shop
D:8:      dpeg_lair_monsters, hangedman_tree_tricks, trog_hazing_becter
D:9:      kiku_gazebo_garden_becter
D:10:     minmay_goldmine, serial_glass, glass_columns_b, glass_columns_c,
          glass_columns_a, glass_columns_a
Temple:   nicolae_temple_hex_pool
Lair:1:   grunt_megastairs_3
Lair:2:   kennysheep_rathole, portal_ice_cave_entry_imps, tgw_fedhas
Lair:3:   swamp_mist_pool, enter_volcano_4, pond, serial_bayou_shore_a,
          uniq_gastronok
IceCv:    ice_cave_small_giant

Table legend:
 A = Turns spent in this place as a percentage of turns spent in the entire game.
 B = Non-inter-level travel turns spent in this place as a percentage of non-inter-level travel turns spent in the entire game.
 C = Inter-level travel turns spent in this place as a percentage of turns spent in this place.
 D = Turns resting spent in this place as a percentage of non-inter-level travel turns spent in this place.
 E = Turns spent auto-exploring this place as a percentage of non-inter-level travel turns spent in this place.
 F = Non-inter-level travel turns spent in this place divided by the number of levels of this place that you've seen.
                   A       B       C       D       E      F
               +-------+-------+-------+-------+-------+----------------------
         Total | 100.0 | 100.0 |   0.5 |   8.0 |   5.6 | 347.9
       Dungeon |  87.3 |  87.3 |   0.5 |   8.4 |   5.9 | 455.7
        Temple |   0.6 |   0.5 |   3.4 |   0.0 |  25.0 |  28.0
          Lair |  11.2 |  11.2 |   0.3 |   5.7 |   2.6 | 194.7
      Ice Cave |   1.0 |   1.0 |   0.0 |   0.0 |   0.0 |  50.0
               +-------+-------+-------+-------+-------+----------------------

Table legend:
 A = Kills in this place as a percentage of kills in entire the game.
 B = Kills by you in this place as a percentage of kills by you in the entire game.
 C = Kills by friends in this place as a percentage of kills by friends in the entire game.
 D = Other kills in this place as a percentage of other kills in the entire game.
 E = Experience gained in this place as a percentage of experience gained in the entire game.
 F = Experience gained in this place divided by the number of levels of this place that you have seen.
                   A       B       C       D       E      F
               +-------+-------+-------+-------+-------+----------------------
         Total | 100.0 | 100.0 | 100.0 |  -nan | 100.0 | 1335.7
       Dungeon |  88.0 |  88.2 |   0.0 |  -nan |  78.4 | 1570.1
          Lair |  12.0 |  11.8 | 100.0 |  -nan |  21.6 | 1445.0
               +-------+-------+-------+-------+-------+----------------------
